 Seeded DCSS version 0.31-a0-544-gceb718ecc6 (webtiles) character file.

Game seed: 3826825538972431165 (custom seed)

854 innerfire43 the Trooper (level 7, -5/56 HPs)
             Began as a Demonspawn Monk on Aug 15, 2023.
             Killed by divine providence
             ... invoked by an orc priest
              (14 damage)
             ... on level 4 of the Dungeon.
             The game lasted 00:03:27 (2442 turns).

innerfire43 the Trooper (Demonspawn Monk)           Turns: 2442, Time: 00:03:27

Health: -5/56      AC: 12    Str: 13    XL:     7   Next: 70%
Magic:  7/7        EV: 21    Int: 11    God:
Gold:   312        SH:  4    Dex: 16    Spells: 6/6 levels left

rFire   + + .        e - melded +8 lance "Wyrmbane" {slay drac, rPois rF+ rC+ AC+3}
rCold   + + .        d - melded orb {light}
rNeg    + + +        s - melded +0 plate armour
rPois   ∞            t - melded +0 helmet
rElec   +            (cloak currently unavailable)
rCorr   +            (gloves currently unavailable)
SInv    .            (boots currently unavailable)
Will    .....        (amulet currently unavailable)
Stlth   +            q - melded ring of protection from cold
HPRegen 0.29/turn    (ring currently unavailable)
MPRegen 0.10/turn

%: no passive effects
@: wisp-form, flying
A: insubstantial, flying, no casting, tiny, (hooves 1), (molten scales 1),
icemail 1, condensation shield
a: no special abilities


You were on level 4 of the Dungeon.
You were an insubstantial wisp.
You visited 1 branch of the dungeon, and saw 4 of its levels.
You also visited: Ossuary.

You collected 312 gold pieces.

Inventory:

Hand Weapons
 a - a +0 spear
 e - the +8 lance "Wyrmbane" (melded) {slay drac, rPois rF+ rC+ AC+3}
   (You acquired it on level 1 of the Dungeon)

   AC+3:      It affects your AC (+3).
   rF+:       It protects you from fire.
   rC+:       It protects you from cold.
   rPois:     It protects you from poison
Missiles
 v - 2 boomerangs
Armour
 b - a +0 robe
 d - an orb of light (melded)
 s - a +0 plate armour (melded)
 t - a +0 helmet (melded)
Jewellery
 q - a ring of protection from cold (melded)
 w - a ring of see invisible
Scrolls
 f - 2 scrolls of vulnerability {unknown}
 g - a scroll of amnesia {unknown}
 h - 2 scrolls of brand weapon {unknown}
 j - 2 scrolls of identify {unknown}
 k - 7 scrolls of noise
 o - a scroll of torment {unknown}
 r - 2 scrolls of enchant armour {unknown}
 y - a scroll of fog {unknown}
 z - a scroll of enchant weapon {unknown}
 B - a scroll of blinking {unknown}
 C - a scroll of fear {unknown}
Potions
 c - a potion of ambrosia
 i - 2 potions of mutation {unknown}
 l - a potion of enlightenment {unknown}
 m - 3 potions of curing {unknown}
 n - 2 potions of cancellation {unknown}
 p - 4 potions of brilliance {unknown}
 u - 2 potions of invisibility {unknown}
 x - 2 potions of might {unknown}
 A - a potion of haste {unknown}
 D - a potion of attraction {unknown}


   Skills:
 + Level 5.0 Fighting
 + Level 4.4 Polearms
 * Level 4.6 Armour
 + Level 4.5 Dodging


You had 6 spell levels left.
You didn't know any spells.
Your spell library was empty.

Dungeon Overview and Level Annotations

Branches:
Dungeon (4/15)            Ossuary (visited)
 Temple: D:4-7

Altars:
Hepliaklqana
Qazlal

Annotations:
D:4 Dowan, Duvessa


Innate Abilities, Weirdness & Mutations

You are an insubstantial wisp.
Your tiny insubstantial body is highly resistant to most damage types.
You are flying.
Your equipment is entirely melded.
You are incapable of wielding weapons or throwing items.
You cannot cast spells.
((You have large cloven feet.))
((You are partially covered in molten scales. (AC +2)))
A meltable icy envelope protects you from harm. (AC +4)
A meltable shield of frost defends you. (SH +4)


Message History

The orc priest begins to cast a cantrip, but forgets the words!
Your Fighting skill increases to level 5!
You puncture the orc!
You kill the orc!
The orc priest invokes the aid of Beogh against you.
Beogh smites you!
Dowan zaps a wand.
You turn into an insubstantial wisp.
The +8 lance "Wyrmbane" {slay drac, rPois rF+ rC+ AC+3} melds into your body.
Your +0 helmet melds into your body.
Your orb of light melds into your body.
Your +0 plate armour melds into your body.
Your ring of protection from cold melds into your body.
Things that are here:
a +0 hand axe; a +2 hand axe of electrocution; an orc corpse You touch Dowan.
Dowan is lightly wounded.
Dowan hits you but does no damage.
You barely miss Dowan.
Dowan is lightly wounded.
You barely miss Duvessa.
Dowan casts a spell.
Dowan blinks!
Unknown command.
You touch Duvessa but do no damage.
Duvessa hits you with a +0 short sword.
* * * LOW HITPOINT WARNING * * *
You touch Duvessa.
Duvessa is lightly wounded.
Duvessa misses you.
The orc priest invokes the aid of Beogh against you.
Beogh smites you!
* * * LOW HITPOINT WARNING * * *
Unknown command.
Duvessa attacks as you move away! Duvessa closely misses you.
Things that are here:
a +0 hand axe; an orc corpse Duvessa attacks as you move away!
Duvessa completely misses you.
Things that are here:
a +0 club; a goblin corpse The orc priest calls down the wrath of Beogh upon you.
Beogh smites you!
You die...

....... ##)##.. ......o
#..##.. ....... #.###..
....e.. #.# #.. >......
#####.# #.. ......o###
#.....###.. ......o..#
#.......#..
...o...#e##########
##.....#....
.......#..oo)g.ev.##
#......###..
.o.oo..##########..###......#
#.. ......# ##..........# #..
.....# ######..##.....# ###
###.. #.......>)..).######
#.. .#####.#####.†..... ##..#
#.#####. #####..## #...# ##
#..)..## #...# #.


You could see Duvessa, an orc priest, an orc and a goblin.

Vanquished Creatures
  Grinder (D:4)
  An ogre (D:4)
  A centaur (D:4)
  2 human zombies (Ossuary)
  A jelly (D:4)
  2 orc priests
  Jessica (D:2)
  2 iguanas (D:4)
  6 mummies
  Robin (D:2)
  4 adders
  4 gnolls (D:3)
  A worm (D:3)
  A dart slug (D:1)
  9 orcs
  4 bats
  9 endoplasms
  4 giant cockroaches
  14 goblins
  9 hobgoblins
  2 jackals (D:2)
  4 kobolds
  2 quokkas
  5 ball pythons
  4 frilled lizards
  A goblin zombie (Ossuary)
  3 kobold zombies (Ossuary)
  2 orc zombies (Ossuary)
  6 rats
106 creatures vanquished.

Notes
Turn   | Place    | Note
-------+----------+-------------------------------------------
     0 | D:1      | innerfire43 the Demonspawn Monk began the quest for the
                  | Orb.
     0 | D:1      | Reached XP level 1. HP: 18/18 MP: 1/1
    44 | D:1      | Identified a scroll of acquirement
    44 | D:1      | Acquired the +8 lance "Wyrmbane" {slay drac, rPois rF+ rC+
                  | AC+3}
    44 | D:1      | Found the +8 lance "Wyrmbane" {slay drac, rPois rF+ rC+
                  | AC+3}
   202 | D:1      | Gained mutation: A meltable shield of frost defends you.
                  | (SH +4) [demonic ancestry]
   202 | D:1      | Reached XP level 2. HP: 22/24 MP: 2/2
   573 | D:2      | Noticed Jessica
   575 | D:2      | Killed Jessica
   576 | D:2      | Reached skill level 1 in Armour
   576 | D:2      | Gained mutation: You are partially covered in molten
                  | scales. (AC +2) [demonic ancestry]
   576 | D:2      | Reached XP level 3. HP: 29/29 MP: 3/3
   753 | D:2      | Reached XP level 4. HP: 35/35 MP: 4/4
   829 | D:2      | Noticed Robin
   834 | D:2      | Killed Robin
  1307 | D:3      | Gained mutation: A meltable icy envelope protects you from
                  | harm. (AC +4) [demonic ancestry]
  1307 | D:3      | Reached XP level 5. HP: 40/42 MP: 5/5
  1544 | D:3      | Reached skill level 4 in Fighting
  1753 | D:4      | Noticed Grinder
  1758 | D:4      | Killed Grinder
  1758 | D:4      | Noticed a centaur
  1759 | D:4      | Gained mutation: You have large cloven feet. [demonic
                  | ancestry]
  1759 | D:4      | Reached XP level 6. HP: 39/49 MP: 6/6
  1867 | D:4      | Found a sand-covered staircase.
  1876 | Ossuary  | Entered an ossuary
  1895 | Ossuary  | Reached XP level 7. HP: 55/55 MP: 7/7
  2141 | D:4      | Found a stormy altar of Qazlal.
  2373 | D:4      | Found a hazy altar of Hepliaklqana.
  2415 | D:4      | Noticed Duvessa
  2415 | D:4      | Noticed Dowan
  2431 | D:4      | Reached skill level 5 in Fighting
  2442 | D:4      | Killed from afar by an orc priest

Illustrated notes

Levels and vault maps discovered:
D:1:      roderic_crop_circles_arrival_large, layout_basic
D:2:      layout_basic, minmay_distorted, uniq_robin, uniq_jessica
D:3:      layout_basic, minivault_24, minmay_box_of_dots
D:4:      layout_rooms, nicolae_qazlal_eye_of_the_storm,
          mainiacjoe_overflow_chevrons, minmay_temple_entry_statues_fountains,
          gup_ossuary_entry_pyramid, nicolae_elevator_lobby_asterisk,
          uniq_grinder, uniq_eustachio, uniq_pikel, uniq_duvessa

Skill      XL: |  1  2  3  4  5  6  7 |
---------------+----------------------+-----
Polearms       | 3 4 |  4.4
Dodging        | 3 4 |  4.5
Armour         | 1 2 3 4 |  4.6
Fighting       | 4 5 |  5.0

Action                     |  1- 3 |  4- 6 |  7- 9 || total
---------------------------+-------+-------+-------++-------
  Melee: Spear             |     9 |       |       ||     9
         Lance             |    35 |    95 |    64 ||   194
         Kick              |       |     1 |    14 ||    15
         Unarmed           |       |       |     5 ||     5
    Use: Scroll            |     1 |       |       ||     1
 Armour: Robe              |     2 |     8 |       ||    10
         Plate armour      |       |    31 |    13 ||    44
         Skin              |       |       |     1 ||     1
  Dodge: Dodged            |    12 |    10 |     4 ||    26
  Block: Orb               |     1 |     6 |     1 ||     8

Table legend: (Time is in decaauts)
 A = Elapsed time spent in this place.
 B = Non-inter-level travel time spent in this place.
 C = Inter-level travel time spent in this place.
 D = Time resting spent in this place.
 E = Time spent auto-exploring this place.
 F = Levels seen in this place.
 G = Mean time per level.
                   A        B        C        D        E       F      G
               +--------+--------+--------+--------+--------+-----+--------+
         Total |   2422 |   2249 |    173 |      0 |   1710 |   5 |  484.4 |
       Dungeon |   2181 |   2008 |    173 |      0 |   1563 |   4 |  545.2 |
       Ossuary |    241 |    241 |      0 |      0 |    147 |   1 |  241.0 |
               +--------+--------+--------+--------+--------+-----+--------+

Top non-repeatable levels by time:
     D:2: 625 daAuts
     D:1: 570 daAuts
     D:3: 546 daAuts
     D:4: 437 daAuts
 Ossuary: 241 daAuts
